 Dungeon Crawl Stone Soup version 0.18-a0-1692-g516f9e9 (webtiles) character file.

60 manyhoops the Skirmisher (level 3, -4/34 HPs)
             Began as a Minotaur Fighter on Apr 4, 2016.
             Slain by a kobold
             ... wielding a +0 club
              (5 damage)
             ... on level 3 of the Dungeon on Apr 5, 2016.
             The game lasted 00:04:30 (1323 turns).

manyhoops the Skirmisher (Minotaur Fighter)         Turns: 1323, Time: 00:04:33

Health: -4/34      AC:  7    Str: 21    XL:     3   Next: 80%
Magic:  0/2        EV:  7    Int:  5    God:
Gold:   80         SH:  9    Dex:  9    Spells: 0 memorised, 2 levels left

rFire  . . .     SeeInvis .     a - +0 war axe
rCold  . . .     Gourm    .     b - +0 scale mail
rNeg   . . .     Faith    .     c - +0 shield
rPois  .         Spirit   +     (helmet restricted)
rElec  .         Dismiss  .     (no cloak)
rCorr  .         Reflect  .     (no gloves)
SustAt .         Harm     .     (no boots)
MR     .....                    j - amulet of guardian spirit
Stlth  ..........               (no ring)
                                (no ring)

@: not resistant to hostile enchantments, extremely unstealthy
A: retaliatory headbutt, horns 2
a: no special abilities


You were on level 3 of the Dungeon.
You were very hungry.

You visited 1 branch of the dungeon, and saw 3 of its levels.

You collected 80 gold pieces.

Inventory:

Hand Weapons
 a - a +0 war axe (weapon)
 n - a +4 club
Armour
 b - a +0 scale mail (worn)
 c - a +0 shield (worn)
Jewellery
 j - an amulet of guardian spirit (around neck)
Scrolls
 e - a scroll of magic mapping {unknown}
 o - a scroll of enchant armour {unknown}
 p - a scroll of remove curse {unknown}
 r - a scroll of identify {unknown}
Potions
 d - a potion of might
 h - 2 potions of mutation {unknown}
 i - a potion of haste {unknown}
 k - a potion of agility
 l - a potion of curing {unknown}
 m - a potion of degeneration {unknown}
 s - 2 potions of cure mutation {unknown}
Comestibles
 f - a bread ration
 g - a slice of pizza
 q - 2 meat rations


   Skills:
 + Level 4.4 Fighting
 + Level 2.8 Axes
 + Level 4.3 Armour
 + Level 4.3 Shields


You had 2 spell levels left.
You didn't know any spells.

Dungeon Overview and Level Annotations

Branches:
Dungeon (3/15)

Altars:
Ashenzari
Pakellas


Innate Abilities, Weirdness & Mutations

You reflexively headbutt those who attack you in melee.
You have a pair of horns on your head.


Message History

The orc wizard gestures wildly while chanting.
The orc wizard blinks!
The orc hits you but does no damage. The orc barely misses you.
You furiously retaliate!
You headbutt the orc!
You kill the orc!
The rat bites you but does no damage. You block the kobold's attack.
The orc hits you with a whip. The rat bites you. The worm bites you.
The kobold barely misses you. You block the orc's attack.
You block the rat's attack. The orc wizard closely misses you.
You block the orc wizard's attack. The kobold hits you but does no damage.
The worm bites you but does no damage. The orc hits you with a whip.
* * * LOW HITPOINT WARNING * * *
The orc wizard closely misses you. You block the orc wizard's attack.
The rat bites you but does no damage. The orc wizard closely misses you.
You furiously retaliate!
You headbutt the orc wizard.
The orc wizard gestures at you while chanting.
The magic dart hits you!
* * * LOW HITPOINT WARNING * * *
The kobold hits you with a club.
You die...

#.<......######
######........#
#........#
#........#
###'###### #.#
#.# ##o#######
#o@K.....#
#rwo.....#
#........+
#.....$..#
#........#
#........#
#........#
#.......)#


You could see a worm, 2 orc wizards, an orc, a kobold and a rat.

Vanquished Creatures
  Robin (D:2)
  A worm (D:2)
  A dart slug (D:1)
  2 giant geckos (D:1)
  An orc (D:3)
  A ball python (D:1)
  3 giant cockroaches (D:1)
  12 goblins
  7 hobgoblins
  4 bats (D:1)
  5 rats (D:1)
38 creatures vanquished.

Notes
Turn   | Place    | Note
--------------------------------------------------------------
     0 | D:1      | manyhoops the Minotaur Fighter began the quest for the Orb.
     0 | D:1      | Reached XP level 1. HP: 19/19 MP: 0/0
   286 | D:1      | Reached XP level 2. HP: 27/27 MP: 1/1
   856 | D:2      | Noticed Robin
   863 | D:2      | Reached XP level 3. HP: 13/33 MP: 2/2
  1060 | D:2      | Killed Robin
  1231 | D:2      | Found an oddly glowing altar of Pakellas.
  1231 | D:2      | Found a shattered altar of Ashenzari.
  1262 | D:2      | Upgraded the game from 0.18-a0-1685-g4482fe3 to 0.18-a0-1692-g516f9e9
  1323 | D:3      | HP: 1/34 [orc wizard/magic dart (9)]
  1323 | D:3      | Slain by a kobold

Vault maps used:
D:1:      dpeg_arrival_arbitrary_a
D:2:      old_standard_altar, gammafunk_temple_overflow_pools, uniq_robin
D:3:      serial_forest, infiniplex_forest_clump_diagonal,
          infiniplex_forest_lined_corner, infiniplex_forest_lined_4_way,
          infiniplex_forest_corner_2, grunt_pakellas_basics

Skill      XL: |  1  2 |
---------------+-------+-----
Fighting       | 4 |  4.4
Shields        | 4 |  4.3
Armour         | 4 |  4.3
Axes           | |  2.8

Action                   || total
-------------------------++-------
Melee: War axe           ||    82
